Description

PvP Harstem Econ

Replay - 2019-04-30 - (P)Harstem VS (P)MaxPax

Build Order

Get SALT Encoding   

  12  0:01  Probe  
  13  0:13  Probe  
  14  0:18  Pylon  
  14  0:25  Probe  
  15  0:33  Probe  
  15  0:38  Gateway  
  15  0:41  Probe  
  16  0:47  Assimilator  
  17  0:51  Probe  
  17  0:55  Assimilator  
  18  1:03  Probe  
  19  1:12  Gateway  
  19  1:16  Probe  
  20  1:25  Cybernetics Core  
  20  1:28  Probe  
  21  1:33  Pylon  
  21  1:40  Probe  
  22  1:53  Probe  
  23  1:55  Warp Gate  
  23  2:01  Sentry, Stalker  
  23  2:05  Probe  
  28  2:12  Pylon  
  28  2:25  Twilight Council  
  28  2:38  Stalker  
  30  2:46  Probe  
  30  2:48  Stalker  
  34  3:04  Nexus, Phoenix  
  33  3:08  Shield Battery  
  33  3:12  Sentry  
  35  3:23  Probe  
  35  3:25  Blink  
  36  3:29  Pylon  
  36  3:35  Probe  
  37  3:43  Probe  
  38  3:51  Probe  
  38  3:52  Stalker x2  
  43  4:01  Probe  
  44  4:13  Probe x2  
  46  4:25  Probe x2  
  48  4:31  Forge  
  48  4:33  Robotics Facility  
  48  4:37  Probe x2, Stalker  
  52  4:50  Probe x2  
  53  4:56  Assimilator  
  54  5:00  Protoss Ground Weapons Level 1  
  54  5:02  Probe x2  
  56  5:09  Pylon  
  56  5:11  Stalker x2  
  56  5:14  Probe  
  61  5:18  Gateway x2  
  61  5:29  Warp Prism  
  61  5:35  Nexus  
  61  5:41  Probe x2  
  65  5:53  Probe  
  65  5:55  Pylon x2  
  66  5:57  Stalker x2  
  70  6:09  Pylon x2  
  70  6:13  Probe  
  71  6:20  Probe  
  72  6:26  Probe  
  72  6:31  Stalker x4  
  81  6:33  Probe  
  81  6:38  Gateway x2  
  74  7:04  Probe x3  
  69  7:13  Protoss Ground Weapons Level 2, Stalker x4  
  77  7:16  Probe x2  
  77  7:22  Gateway x2  
  79  7:27  Charge, Observer  
  79  7:28  Probe  
  81  7:33  Robotics Bay  
  81  7:34  Robotics Facility  
  81  7:38  Stalker x4  
  89  7:44  Stalker  
  91  7:55  Stalker  
  93  7:59  Pylon  
  93  8:10  Probe  
  93  8:11  Photon Cannon  
  94  8:16  Zealot x8, Pylon  
  106  8:28  Disruptor x2  
  106  8:33  Assimilator x2  
  112  8:35  Probe  
  102  8:42  Probe x3  
  102  8:43  Zealot x4  
  110  8:51  Probe x3  
  107  8:57  Disruptor  
  107  8:59  Probe x2  
  107  9:07  Probe  
  107  9:09  Disruptor  
  113  9:11  Zealot x2  
  113  9:16  Stalker  
  122  9:31  Nexus  
  122  9:33  Zealot x2  
  120  9:55  Zealot x8  
Spawning Tool Build Advisor. Get it on Overwolf

Go to:

Details

  • Created by: OHSHEE
  • Published on: May 20, 2019
  • Modified on: May 20, 2019
  • Patch: 4.7.1
Show
View Real Time Build Order
Export as new Build Order

Comments (0)

There are no comments. Be the first!

Create an account to comment!